AoeStats
← GGman

African Clearing

505605308Analyzed
4v4 RM · 23d ago on Sep 10, 2026· 54m 40s· 8 players
Game mode
Random Map
Map size
Large (8 player)
Population
200
Speed
Normal
Resources
Standard
Victory
Conquest
Starting age
Dark Age
Ending age
Imperial Age
RankedLock teamsTeams togetherTeam positionsShared explorationLock speedFull tech treeHidden civsTurbo modeCheats
Victory
Defeat
🇨🇳 Khmer · China
1676
+16
🇹🇼 Spanish · Taiwan
1577
+20
🇨🇳 Berbers · China
1576
+20
🇨🇳 Magyars · China
1568
+20
🇹🇼 Huns · Taiwan
1746
-22
🇹🇼 Magyars · Taiwan
1710
-21
🇭🇰 Bengalis · Hong Kong SAR China
1672
-19
🇹🇼 Burmese · Taiwan
1535
-14
BiliBili风间
8:41 Loom
11:11 Feudal Age
10:57 Loom
15:53 Fletching
16:20 Double-Bit Axe
19:21 Town Watch
24:44 Castle Age
24:05 Scale Barding Armor
24:44 Bloodlines
28:46 Bow Saw
29:34 Horse Collar
31:24 Wheelbarrow
38:40 Imperial Age
36:47 Gold Mining
36:21 Crossbowman
38:25 Bodkin Arrow
38:31 Padded Archer Armor
39:01 Husbandry
40:43 Chemistry
40:33 Gold Shaft Mining
40:38 Bracer
41:08 Hand Cart
42:02 Arbalester
43:11 Leather Archer Armor
43:19 Ballistics
44:07 Stone Mining
44:21 Heavy Plow
44:49 Conscription
45:21 Chain Barding Armor
45:11 Forging
45:44 Ring Archer Armor
45:35 Cavalier
46:28 Forging
47:58 Stone Shaft Mining
48:41 Plate Barding Armor
48:41 Iron Casting
48:42 Light Cavalry
49:33 Siege Engineers
50:50 Devotion
50:33 Hussar
51:25 Elite Battle Elephant
53:26 Blast Furnace
51:48 Capped Ram
54:21 Double Crossbow
54:22 Tusk Swords
53:42 Elite Ballista Elephant
54:58 Hoardings
lemon tea
6:27 Loom
12:14 Feudal Age
12:50 Double-Bit Axe
16:46 Town Watch
18:20 Scale Barding Armor
25:27 Castle Age
24:41 Fletching
27:45 Wheelbarrow
29:11 Bow Saw
32:53 Hand Cart
35:01 Horse Collar
36:27 Bodkin Arrow
37:20 Padded Archer Armor
38:08 Bloodlines
37:59 Husbandry
40:26 Ballistics
41:24 Heavy Plow
42:58 Gold Mining
42:58 Stone Mining
45:19 Thumb Ring
50:35 Imperial Age
49:18 Gold Shaft Mining
49:19 Leather Archer Armor
50:38 Chain Barding Armor
51:19 Bracer
50:41 Heavy Cavalry Archer
51:47 Parthian Tactics
51:26 Recurve Bow
51:52 Conscription
52:14 Ring Archer Armor
52:52 Chemistry
52:59 Chain Barding Armor
52:42 Corvinian Army
52:49 Siege Engineers
54:11 Hoardings
53:55 Masonry
54:58 Two-Man Saw
54:03 Elite Magyar Huszar
煌煌燎燃
8:26 Loom
11:34 Feudal Age
20:00 Double-Bit Axe
22:29 Castle Age
21:23 Scale Barding Armor
22:12 Forging
22:28 Bloodlines
23:41 Bow Saw
24:05 Husbandry
26:46 Horse Collar
29:36 Gold Mining
31:13 Gold Shaft Mining
32:01 Chain Barding Armor
32:20 Wheelbarrow
38:19 Iron Casting
44:16 Imperial Age
44:23 Heavy Camel Rider
48:50 Plate Barding Armor
48:04 Cavalier
53:17 Blast Furnace
52:41 Heavy Plow
53:27 Fletching
53:37 Padded Archer Armor
DYS.K
6:51 Loom
12:04 Loom
14:00 Feudal Age
17:54 Castle Age
17:56 Double-Bit Axe
34:13 Padded Archer Armor
41:01 Horse Collar
41:38 Town Watch
44:40 Fletching
48:30 Bow Saw
49:25 Bodkin Arrow
49:52 Stone Mining
50:11 Guard Tower
51:15 Ballistics
51:49 Murder Holes
53:05 Fortified Wall
FUFU
5:00 Loom
12:05 Feudal Age
12:18 Man-at-Arms
12:57 Arson
19:40 Double-Bit Axe
26:18 Castle Age
24:39 Horse Collar
26:29 Fletching
30:25 Ballistics
30:14 Town Watch
30:39 Bodkin Arrow
33:00 Bloodlines
35:07 Padded Archer Armor
36:51 Leather Archer Armor
36:52 Bow Saw
37:45 Wheelbarrow
37:50 Gold Mining
39:14 Thumb Ring
40:31 Husbandry
40:24 Town Watch
45:10 Imperial Age
43:36 Gold Shaft Mining
44:09 Hand Cart
43:55 Heavy Plow
44:12 Scale Barding Armor
46:02 Chain Barding Armor
45:53 Forging
46:50 Chemistry
45:52 Bracer
46:13 Atheism
46:15 Conscription
46:25 Parthian Tactics
46:17 Light Cavalry
47:19 Chain Barding Armor
47:17 Leather Archer Armor
48:34 Plate Barding Armor
47:31 Pikeman
48:11 Squires
48:07 Heavy Cavalry Archer
48:24 Halberdier
50:12 Forging
51:08 Hussar
52:05 Scale Mail Armor
52:40 Iron Casting
52:15 Marauders
52:46 Elite Tarkan
54:15 Marauders
GGman
13:27 Feudal Age
13:44 Loom
18:55 Castle Age
18:06 Stone Mining
19:36 Padded Archer Armor
21:27 Gold Mining
36:21 Ballistics
38:01 Treadmill Crane
40:08 Murder Holes
44:26 Wheelbarrow
44:47 Masonry
47:35 Hand Cart
49:36 Gold Shaft Mining
52:05 Imperial Age
52:24 Bloodlines
52:15 Husbandry
52:08 Fletching
55:32 Chemistry
54:28 Bodkin Arrow
Sean
11:50 Loom
13:48 Feudal Age
18:07 Castle Age
17:01 Stone Mining
17:00 Double-Bit Axe
17:22 Fletching
20:05 Caravan
21:53 Bodkin Arrow
27:16 Town Watch
32:57 Horse Collar
42:04 Wheelbarrow
41:52 Padded Archer Armor
43:48 Siphons
CRYIN
11:18 Feudal Age
11:18 Loom
11:52 Double-Bit Axe
20:42 Castle Age
19:38 Bloodlines
20:40 Scale Barding Armor
20:58 Light Cavalry
24:14 Chain Barding Armor
34:32 Fletching
35:51 Bodkin Arrow
37:44 Sanctity
39:42 Fervor
54:44 Wheelbarrow
Connection lost

Rejoining the realm…

Still unreachable

The connection could not be restored.

Session expired

The server has moved on; the page needs a fresh start.